 Dungeon Crawl Stone Soup version 0.23.1 (webtiles) character file.

Game seed: 8784644041067605519

105 Marnok the Covered (level 4, -4/60 HPs)
             Began as a Minotaur Fighter on Mar 12, 2019.
             Engulfed by a cloud of flame (19 damage)
             ... on level 3 of the Dungeon.
             The game lasted 00:08:55 (931 turns).

Marnok the Covered (Minotaur Fighter)                Turns: 931, Time: 00:08:55

Health: -4/60      AC: 22    Str: 20    XL:     4   Next: 54%
Magic:  3/3        EV:  2    Int:  5    God:
Gold:   166        SH: 11    Dex: 16    Spells: 3/3 levels left

rFire    . . .     SeeInvis .   a - +3 long sword
rCold    . . .     Gourm    .   c - +1 shield
rNeg     + + +     Faith    .   (armour currently unavailable)
rPois    +         Spirit   .   (helmet currently unavailable)
rElec    .         Reflect  .   (cloak currently unavailable)
rCorr    .         Harm     .   (gloves currently unavailable)
MR       .....     NoTele   +   (boots currently unavailable)
Stlth    ++........             (no amulet)
HPRegen  0.20/turn              g - ring of flight
MPRegen  0.08/turn              (no ring)

@: agile, tree-form
A: (retaliatory headbutt)
a: no special abilities


You were on level 3 of the Dungeon.
You were not hungry.
You were a tree.
You visited 1 branch of the dungeon, and saw 4 of its levels.

You collected 166 gold pieces.

Inventory:

Hand Weapons
 a - a +3 long sword (weapon)
Armour
 b - a +0 scale mail (melded)
 c - a +1 shield (worn)
 l - a +0 shield
Jewellery
 g - a ring of flight (left branch)
 s - a cursed -3 ring of dexterity
Potions
 d - 3 potions of might
 i - 2 potions of agility
 m - 4 potions of lignification
Comestibles
 f - 4 rations
 h - 4 chunks of flesh


   Skills:
 + Level 4.2 Fighting
 + Level 3.3 Long Blades
 + Level 4.6 Armour
 + Level 0.8 Dodging
 + Level 4.6 Shields


You had 3 spell levels left.
You didn't know any spells.
Your spell library was empty.

Dungeon Overview and Level Annotations

Branches:
Dungeon (4/15)             Temple (0/1) D:4

Altars:
Ashenzari
Nemelex Xobeh


Innate Abilities, Weirdness & Mutations

((You reflexively headbutt those who attack you in melee.))
((You have a pair of horns on your head.))


Message History

As you read the scroll of enchant weapon, it crumbles to dust.
Your +2 long sword glows red for a moment.
You slash the hobgoblin!
The hobgoblin explodes!
The fiery explosion engulfs you!!
You are engulfed in blazing flames.
Okay, then.
You feel better.
You are engulfed in blazing flames.
Unknown command.
You're standing in a cloud of flame!
You aren't carrying any scrolls.
g - a ring of flight (left branch)
You are engulfed in blazing flames.
You cannot move.
You are engulfed in blazing flames.
You are engulfed in blazing flames.
* * * LOW HITPOINT WARNING * * *
You are engulfed in blazing flames.
* * * LOW HITPOINT WARNING * * *
You are engulfed in blazing flames.
You die...

#. #..
#.##.#
..#.#
#.#.#
..l#
#☼§#
#§§#
#♣#
###


You could see a frilled lizard.

Vanquished Creatures
  A worker ant (D:4)
  2 adders
  An adder skeleton (D:4)
  A dart slug (D:1)
  2 leopard geckos
  An orc (D:2)
  7 bats
  A giant cockroach (D:1)
  5 goblins
  9 hobgoblins
  8 jackals (D:2)
  4 kobolds
  2 quokkas
  A ball python (D:1)
  5 frilled lizards
  2 rats (D:2)
52 creatures vanquished.

Notes
Turn   | Place    | Note
-------+----------+-------------------------------------------
     0 | D:1      | Marnok the Minotaur Fighter began the quest for the Orb.
     0 | D:1      | Reached XP level 1. HP: 19/19 MP: 0/0
   148 | D:1      | Reached XP level 2. HP: 24/27 MP: 1/1
   471 | D:2      | Reached XP level 3. HP: 33/33 MP: 2/2
   821 | D:3      | Found a shattered altar of Ashenzari.
   821 | D:3      | Found a sparkling altar of Nemelex Xobeh.
   856 | D:3      | Reached XP level 4. HP: 39/40 MP: 3/3
   887 | D:4      | Found a staircase to the Ecumenical Temple.
   931 | D:3      | Engulfed by a cloud of flame

Skill      XL: |  1  2  3 |
---------------+----------+-----
Fighting       | 4 |  4.2
Shields        | 4 |  4.6
Armour         | 4 |  4.6
Long Blades    | 3 |  3.3
Dodging        | |  0.8

Action                   |  1- 3 |  4- 6 || total
-------------------------+-------+-------++-------
Melee: Long sword        |   114 |     3 ||   117
       Headbutt          |    17 |     1 ||    18
  Use: Scroll            |       |    10 ||    10
       Potion            |       |     6 ||     6
Armor: Scale mail        |    52 |       ||    52
       Skin              |       |     2 ||     2
Dodge: Dodged            |    45 |     2 ||    47
Block: Shield            |    88 |     2 ||    90
       Rpst.: Long sword |     6 |     2 ||     8
